 Dungeon Crawl Stone Soup version 0.28-a0-1087-gf3fc490d9d (console) character file.

Game seed: 9994867628547907577

103 petzl the Bolt Thrower (level 4, -1/29 HPs)
             Began as an Octopode Arcane Marksman on Dec 10, 2021.
             Slain by an orc wizard (4 damage)
             ... on level 3 of the Dungeon.
             The game lasted 00:07:06 (2522 turns).

petzl the Bolt Thrower (Octopode Arcane Marksman)   Turns: 2522, Time: 00:07:07

Health: -1/29      AC:  1    Str:  9    XL:     4   Next: 79%
Magic:  5/5        EV: 13    Int: 17    God:
Gold:   84         SH:  0    Dex: 12    Spells: 4/5 levels left

rFire   + . .      SeeInvis .   a - +0 short sword
rCold   + . .      Faith    .   (no shield)
rNeg    . . .      Spirit   .   (helmet restricted)
rPois   +          Reflect  .   (no amulet)
rElec   +          Harm     .   (no ring)
rCorr   +          Rampage  .   (no ring)
Will    .....                   (no ring)
Stlth   ++........              (no ring)
HPRegen 0.09/turn               (no ring)
MPRegen 0.09/turn               (no ring)
                                (no ring)
                                (no ring)

@: silenced, resistant
A: almost no armour, amphibious, 8 rings, camouflage 1, gelatinous body 1,
(nimble swimmer 1), tentacles
a: no special abilities


You were on level 3 of the Dungeon.
You visited 1 branch of the dungeon, and saw 3 of its levels.

You collected 84 gold pieces.

Inventory:

Hand Weapons
 a - a +0 short sword (weapon)
 b - a +0 hand crossbow
Missiles
 c - 10 bolts
Scrolls
 f - 2 scrolls of amnesia
 i - a scroll of immolation
 j - a scroll of vulnerability


   Skills:
 + Level 1.8 Fighting
 + Level 0.6 Short Blades
 + Level 3.4 Crossbows
 + Level 2.5 Dodging
 * Level 2.4 Stealth
 + Level 1.1 Spellcasting
 - Level 3.0 Hexes


You had 4 spell levels left.
You knew the following spells:

 Your Spells              Type           Power      Damage    Failure   Level
a - Slow                  Hex            44%        N/A       6%          1

Your spell library contained the following spells:

 Spells                   Type           Power      Damage    Failure   Level
 Inner Flame              Hex/Fire       6%         N/A       34%         3
 Portal Projectile        Hex/Tloc       12%        N/A       34%         3
 Cause Fear               Hex            5%         N/A       52%         4


Dungeon Overview and Level Annotations

Branches:
Dungeon (3/15)

Altars:

Portals:
Sewer: D:3

Annotations:
D:3 2 transporters, mainiacjoe's ghost, weakling GrFi


Innate Abilities, Weirdness & Mutations

You cannot wear most types of armour.
You are amphibious.
You can wear up to eight rings at the same time.
Your skin changes colour to match your surroundings (Stealth+).
Your rubbery body absorbs attacks. (AC +1, EV +1)
((You are camouflaged near water. (Stealth+)))
You have tentacles for arms and can constrict up to eight enemies at once.


Message History

The orc priest seems to slow down.
You are too injured to fight recklessly!
Fire: 14 bolts
Press: ? - help, Q - select action, (/) - cycle Shift-Dir - straight line, f/p - orc priest
Aim: an orc priest, wielding a +0 short sword (slow, 62% to hit)
You shoot a bolt. The bolt barely misses the orc priest.
Fire: 13 bolts
Press: ? - help, Q - select action, (/) - cycle Shift-Dir - straight line, f/p - orc priest
Aim: an orc priest, wielding a +0 short sword (slow, 62% to hit)
You shoot a bolt. The bolt hits the orc priest!
The orc priest is severely wounded.
The orc wizard mumbles some strange words.
The orc wizard flickers and vanishes!
Deactivating autopickup; reactivate with Ctrl-A.
Fire: 12 bolts
Press: ? - help, Q - select action, (/) - cycle Shift-Dir - straight line, f/p - orc priest
Aim: an orc priest, wielding a +0 short sword (severely wounded, slow, 62% to hit)
You shoot a bolt. The bolt closely misses the orc priest.
Fire: 11 bolts
Press: ? - help, Q - select action, (/) - cycle Shift-Dir - straight line, f/p - orc priest
Aim: an orc priest, wielding a +0 short sword (severely wounded, slow, 62% to hit)
You shoot a bolt. The bolt hits the orc priest!
You kill the orc priest!
You aren't carrying any items that you can evoke.
Unknown command.
You aren't carrying any potions.
You can't see any enemies this would affect, really read the scroll of silence? [Y]es or [N]o only, please.
You can't see any enemies this would affect, really read the scroll of silence?
As you read the scroll of silence, it crumbles to dust.
A profound silence engulfs you.
Magic scrolls do not work when you're silenced!
a - a +0 short sword (weapon)
Something hits you.
* * * LOW HITPOINT WARNING * * *
You miss something. Something barely misses you.
You hit something but do no damage. Something hits you.
* * * LOW HITPOINT WARNING * * *
You barely miss something. Something hits you.
You die...

#. #.# # #.##.# ## #..#.#
.## #.#.# #†## #...#
.#.####..# #.#.###..# ##
###### ##.#.##..# ..#....#
#.#.##...# ##.#.##.#
.#.###.#.# .....#.# #.##
#...# #.#..#.# .## ##..#
######.#..#.##
#######..###.........#..#
#................[#...#(#
.#...................#(#
#.####.....#........#(# #
.........#..o.###.#.#
..#######....o...#.#.###
..#≈≈≈≈S#...o......#.@.#
####.#≈≈∩≈B+........###.###
.....#≈≈≈≈S#........# #.#
####.#######.......## #.#
...o...o..##... ..# ###


There were no monsters in sight!

Vanquished Creatures
  An orc priest (D:3)
  An adder (D:3)
  2 worms (D:3)
  A dart slug (D:2)
  3 orcs
  4 ball pythons
  3 endoplasms (D:1)
  4 giant cockroaches
  7 goblins
  7 hobgoblins
  2 jackals (D:1)
  4 quokkas
  3 bats (D:1)
  3 frilled lizards
  4 kobolds
  A rat (D:1)
50 creatures vanquished.

Notes
Turn   | Place    | Note
-------+----------+-------------------------------------------
     0 | D:1      | petzl the Octopode Arcane Marksman began the quest for the
                  | Orb.
     0 | D:1      | Reached XP level 1. HP: 13/13 MP: 2/2
   328 | D:1      | Reached XP level 2. HP: 18/18 MP: 3/3
   460 | D:1      | Reached skill level 1 in Stealth
   698 | D:1      | Reached XP level 3. HP: 19/23 MP: 4/4
  2198 | D:3      | Reached XP level 4. HP: 28/28 MP: 5/5
  2304 | D:3      | Found a transporter.
  2310 | D:3      | Noticed mainiacjoe's ghost (weakling GrFi)
  2310 | D:3      | Noticed a scorpion
  2313 | D:3      | Found a transporter.
  2481 | D:3      | Found a glowing drain.
  2522 | D:3      | Slain by an orc wizard

Illustrated notes

Levels and vault maps discovered:
D:1:      dpeg_arrival_connections, layout_loops_corners, serial_rivers,
          chequers_serial_rivers_room_a, chequers_serial_rivers_micro_d,
          chequers_serial_rivers_micro_c, chequers_serial_rivers_large_a,
          minmay_3d_cube
D:2:      layout_basic, ebering_ecumenical_altar_abandoned,
          guppyfry_early_orc_mine
D:3:      minmay_inner_zag, layout_basic, gammafunk_ghost_arena,
          gup_sewer_entry_glass, grunt_ministairs_2, minmay_goblin_kobold_house

Skill      XL: |  1  2  3 |
---------------+----------+-----
Stealth        | 1 2 |  2.4
Crossbows      | 3 |  3.4
Fighting       | |  1.8
Short Blades   | |  0.6
Dodging        | |  2.5
Spellcasting   | |  1.1
Hexes          | |  3.0

Action                   |  1- 3 |  4- 6 || total
-------------------------+-------+-------++-------
Melee: Short sword       |    25 |    21 ||    46
       Constrict         |     7 |     4 ||    11
       Tentacles         |     6 |     8 ||    14
 Fire: Hand crossbow     |    82 |    11 ||    93
 Cast: Slow              |     3 |    11 ||    14
  Use: Scroll            |       |     5 ||     5
       Potion            |       |     3 ||     3
 Stab: Sleeping          |     1 |     2 ||     3
Armor: Skin              |     3 |     3 ||     6
Dodge: Dodged            |    38 |     6 ||    44

Table legend: (Time is in decaauts)
 A = Elapsed time spent in this place.
 B = Non-inter-level travel time spent in this place.
 C = Inter-level travel time spent in this place.
 D = Time resting spent in this place.
 E = Time spent auto-exploring this place.
 F = Levels seen in this place.
 G = Mean time per level.
                   A        B        C        D        E       F      G
               +--------+--------+--------+--------+--------+-----+--------+
         Total |   2555 |   2473 |     82 |    293 |   1501 |   3 |  851.7 |
       Dungeon |   2555 |   2473 |     82 |    293 |   1501 |   3 |  851.7 |
               +--------+--------+--------+--------+--------+-----+--------+

Top non-repeatable levels by time:
     D:1: 1537 daAuts
     D:3: 521 daAuts
     D:2: 496 daAuts
